[Event "SVK-ch Open 2018"]
[Site "Banska Stiavnica"]
[Date "2018.07.13"]
[Round "7"]
[White "Polyik, Peter"]
[Black "Kerdik, Adam"]
[Result "1/2-1/2"]
[ECO "A46"]
[WhiteElo "2311"]
[BlackElo "2091"]
[Annotator "NA"]
[PlyCount "71"]
[EventDate "2018.07.07"]
[EventType "swiss"]
[EventCountry "SVK"]
[SourceTitle "playchess.com"]
[Source "ChessBase"]
[SourceQuality "1"]
[TimeControl "40/5400+30:1800+30"]

1. d4 Nf6 2. Nf3 e6 3. e3 c5 4. c4 cxd4 5. exd4 d5 6. Nc3 Be7 7. cxd5 Nxd5 8. Bd3 O-O 9. O-O Nc6 10. Re1 Nxc3 11. bxc3 Bf6 12. Qc2 g6 13. h4 Qa5 14. Rb1 a6 15. Bh6 Rd8 16. Bg5 Bxg5 17. hxg5 b5 18. Qb3 Ra7 19. Be4 Ne7 20. Ne5 Rc7 21. Re3 Nd5 22. Bxd5 Rxd5 23. Rh3 Bb7 24. Ng4 Rxg5 25. Nf6+ Kg7 26. Ne8+ Kg8 27. Nf6+ Kg7 28. Ne8+ Kg8 29. Nxc7 Rxg2+ 30. Kf1 Qxc7 31. c4 Qf4 32. Qe3 Qf5 33. Rb2 Qg4 34. Rg3 Qd1+ 35. Qe1 Qxd4 36. Qc3 1/2-1/2

[Event "SVK-ch Open 2018"]
[Site "Banska Stiavnica"]
[Date "2018.07.13"]
[Round "7"]
[White "Vojtek, Vladimir"]
[Black "Kanakova, Natalie"]
[Result "1-0"]
[ECO "C10"]
[WhiteElo "2310"]
[BlackElo "2206"]
[Annotator "ChessBase"]
[PlyCount "315"]
[EventDate "2018.07.07"]
[EventType "swiss"]
[EventCountry "SVK"]
[SourceTitle "playchess.com"]
[Source "ChessBase"]
[SourceQuality "1"]
[TimeControl "40/5400+30:1800+30"]

1. e4 e6 2. d4 d5 3. Nc3 dxe4 4. Nxe4 Bd7 5. Nf3 Bc6 6. Bd3 Nd7 7. O-O Ngf6 8. Qe2 Be7 9. Bd2 O-O 10. Ng3 Bxf3 11. Qxf3 c6 12. Rad1 Qb6 13. Bc1 a5 14. Rfe1 a4 15. c4 Qc7 16. Ne4 Rfd8 17. Bg5 Re8 18. h4 Nxe4 19. Qxe4 Nf8 20. Bxe7 Qxe7 21. d5 cxd5 22. cxd5 Qd7 23. Qb4 exd5 24. Rxe8 Qxe8 25. Qxb7 Rb8 26. Qxd5 Rxb2 27. Bc4 Qe7 28. Qd4 a3 29. g3 h5 30. Qc3 Ng6 31. Re1 Qb7 32. Qxa3 Rb1 33. Rxb1 Qxb1+ 34. Bf1 Ne5 35. Qa8+ Kh7 36. Qd5 f6 37. Kg2 Qc2 38. Bb5 Kh6 39. a4 Qc3 40. Qa8 Kh7 41. Qe4+ g6 42. Be2 Kg7 43. Qb7+ Kh6 44. Qa8 Kg7 45. Qb7+ Kh6 46. Qb5 Qd4 47. a5 Qe4+ 48. Kg1 Nc6 49. f3 Qe3+ 50. Kf1 Nd4 51. Qd3 Qc1+ 52. Kf2 Nf5 53. a6 Qc7 54. f4 Qc5+ 55. Kg2 Ne3+ 56. Kh2 Ng4+ 57. Bxg4 Qf2+ 58. Kh3 hxg4+ 59. Kxg4 f5+ 60. Kh3 Qg1 61. Qf3 Qa1 62. Qa8 Qf1+ 63. Kh2 Qe2+ 64. Kg1 Qe1+ 65. Kg2 Qe2+ 66. Kh3 Qf1+ 67. Kh2 Qe2+ 68. Qg2 Qxa6 69. Qb2 Kh7 70. h5 gxh5 71. Qe5 Qg6 72. Qe7+ Kh6 73. Kh3 Qg4+ 74. Kg2 Kg6 75. Kf2 Kh6 76. Qf6+ Kh7 77. Qh4 Qg6 78. Qe7+ Kh6 79. Qd8 Kh7 80. Qc7+ Kh6 81. Qc3 Qb6+ 82. Kg2 Qb7+ 83. Kh2 Kg6 84. Qh8 Qb1 85. Qg8+ Kf6 86. Qg5+ Ke6 87. Qg6+ Ke7 88. Qxh5 Qe4 89. Qh7+ Kf6 90. Qh8+ Kg6 91. Qb2 Kh5 92. Qe5 Qd3 93. Qe7 Kg4 94. Qg7+ Kf3 95. Qb7+ Kg4 96. Qg2 Kh5 97. Kh3 Qd1 98. Kh2 Qd3 99. Qb2 Kg4 100. Qg7+ Kf3 101. Kh3 Qd1 102. Kh4 Qd8+ 103. Kh5 Qe8+ 104. Kg5 Kxg3 105. Kxf5+ Kf3 106. Qc3+ Kg2 107. Qe5 Qh5+ 108. Kf6 Qh6+ 109. Kf7 Kf3 110. Qd5+ Kg4 111. Qd1+ Kf5 112. Qd5+ Kg4 113. Qd7+ Kf3 114. f5 Qh7+ 115. Ke6 Qg8+ 116. Kd6 Qg3+ 117. Kc6 Qg5 118. Qe6 Qc1+ 119. Kd6 Qa3+ 120. Kd7 Qa7+ 121. Ke8 Qb8+ 122. Kf7 Qb7+ 123. Kg6 Qb1 124. Qd5+ Kf4 125. Qd4+ Kf3 126. Kf6 Qb8 127. Qd1+ Kf4 128. Qf1+ Ke3 129. Qg1+ Kf3 130. Qd1+ Kf4 131. Qd4+ Kf3 132. Ke7 Qb7+ 133. Qd7 Qb4+ 134. Ke6 Qe4+ 135. Kf7 Qc4+ 136. Kf8 Qb4+ 137. Qe7 Qb8+ 138. Kf7 Qb3+ 139. Kg7 Kf4 140. f6 Qc3 141. Qd6+ Kg5 142. Qd5+ Kf4 143. Qe6 Kg5 144. Qe7 Kf5 145. Qd7+ Kg5 146. Qf7 Kf5 147. Qh5+ Kf4 148. Qh6+ Kg4 149. Qg6+ Kf4 150. Kh7 Qc5 151. f7 Qc7 152. Kg8 Qc4 153. Kg7 Qc7 154. Kh6 Qd8 155. Kg7 Qc7 156. Qe6 Kf3 157. Qb3+ Ke2 158. Kg8 1-0

[Event "SVK-ch Open 2018"]
[Site "Banska Stiavnica"]
[Date "2018.07.13"]
[Round "7"]
[White "Urhegyi, Marton"]
[Black "Aczel, Gergely"]
[Result "1/2-1/2"]
[ECO "B06"]
[WhiteElo "2303"]
[BlackElo "2543"]
[Annotator "ChessBase"]
[PlyCount "120"]
[EventDate "2018.07.07"]
[EventType "swiss"]
[EventCountry "SVK"]
[SourceTitle "playchess.com"]
[Source "ChessBase"]
[SourceQuality "1"]
[TimeControl "40/5400+30:1800+30"]

1. e4 g6 2. d4 Bg7 3. Nf3 d6 4. Bc4 Nf6 5. Qe2 O-O 6. O-O Bg4 7. Nbd2 Nc6 8. c3 e5 9. dxe5 Nxe5 10. h3 Nxc4 11. Nxc4 Be6 12. Nd4 Bxc4 13. Qxc4 Nxe4 14. Ne6 d5 15. Nxd8 dxc4 16. Nxb7 Rfb8 17. Na5 Nxc3 18. Nxc4 Ne2+ 19. Kh2 Nxc1 20. Raxc1 Bxb2 21. Nxb2 Rxb2 22. a4 Rb4 23. a5 Rb5 24. Rxc7 Rxa5 25. g4 Ra2 26. Kg3 Rd8 27. Rc3 Kg7 28. Rb1 Rd7 29. g5 h6 30. h4 Ra5 31. f4 f6 32. gxf6+ Kxf6 33. Rb8 Rad5 34. Rf8+ Kg7 35. Rcc8 Rd3+ 36. Kg2 a5 37. Rg8+ Kf6 38. Rcf8+ Rf7 39. Ra8 Rb7 40. Ra6+ Kf7 41. Rgxg6 Rb2+ 42. Kh1 a4 43. f5 Rd1+ 44. Rg1 Rd4 45. Rgg6 Rxh4+ 46. Kg1 Re2 47. Ra7+ Re7 48. Rxe7+ Kxe7 49. Ra6 h5 50. Kg2 Rg4+ 51. Kh3 Rb4 52. Kg3 Kf7 53. Kh3 Rf4 54. Kg3 Rg4+ 55. Kh3 Ke7 56. Kh2 Kd7 57. f6 h4 58. Ra7+ Ke8 59. Re7+ Kf8 60. Ra7 Rf4 1/2-1/2

[Event "SVK-ch Open 2018"]
[Site "Banska Stiavnica"]
[Date "2018.07.13"]
[Round "7"]
[White "Petran, Peter"]
[Black "Bango, Lukas"]
[Result "1/2-1/2"]
[ECO "A00"]
[WhiteElo "2302"]
[BlackElo "2148"]
[Annotator "NA"]
[PlyCount "64"]
[EventDate "2018.07.07"]
[EventType "swiss"]
[EventCountry "SVK"]
[SourceTitle "playchess.com"]
[Source "ChessBase"]
[SourceQuality "1"]
[TimeControl "40/5400+30:1800+30"]

1. g3 e5 2. c4 Nf6 3. Bg2 d5 4. d3 Nc6 5. cxd5 Nxd5 6. Nf3 Be7 7. O-O g5 8. d4 e4 9. Ne5 Bf5 10. Nxc6 bxc6 11. Nd2 Nf6 12. Qa4 Qd7 13. Nc4 c5 14. Qxd7+ Nxd7 15. Ne3 Bg6 16. Nd5 Bd8 17. dxc5 Nxc5 18. f4 c6 19. Nc3 gxf4 20. Bxf4 Bb6 21. Kh1 f5 22. g4 fxg4 23. b4 Ne6 24. Be5 Rf8 25. Nxe4 Bd4 26. Nd6+ Ke7 27. Bxd4 Nxd4 28. Nc4 Rxf1+ 29. Rxf1 Rf8 30. Rxf8 Kxf8 31. e3 Nc2 32. Bxc6 Nxb4 1/2-1/2

[Event "SVK-ch Open 2018"]
[Site "Banska Stiavnica"]
[Date "2018.07.13"]
[Round "7"]
[White "Stockova, Zuzana"]
[Black "Brozyna, Mateusz"]
[Result "1-0"]
[ECO "A05"]
[WhiteElo "2301"]
[BlackElo "2098"]
[Annotator "NA"]
[PlyCount "55"]
[EventDate "2018.07.07"]
[EventType "swiss"]
[EventCountry "SVK"]
[SourceTitle "playchess.com"]
[Source "ChessBase"]
[SourceQuality "1"]
[TimeControl "40/5400+30:1800+30"]

1. Nf3 Nf6 2. g3 g6 3. Bg2 Bg7 4. O-O O-O $11 {[%emt 0:00:00] LiveBook: 5206 Partien} 5. d3 d6 6. e4 e5 7. Nc3 Nc6 8. h3 Re8 9. Be3 Bd7 10. Qd2 a6 11. Bh6 Bh8 12. Nh4 Nh5 13. Nd5 Nd4 14. c3 Ne6 15. Kh2 c6 16. Ne3 Nef4 17. gxf4 exf4 18. Nhf5 fxe3 19. Nxe3 Qc7 20. f4 a5 21. Bf3 Nf6 22. Qg2 a4 23. a3 Ra5 24. Kh1 d5 25. e5 Bc8 26. Rae1 Nd7 27. d4 f5 28. Nxd5 1-0

[Event "SVK-ch Open 2018"]
[Site "Banska Stiavnica"]
[Date "2018.07.13"]
[Round "7"]
[White "Chmiel, Marcin"]
[Black "Zatko, Gregor"]
[Result "0-1"]
[ECO "B43"]
[WhiteElo "2249"]
[BlackElo "2144"]
[Annotator "NA"]
[PlyCount "56"]
[EventDate "2018.07.07"]
[EventType "swiss"]
[EventCountry "SVK"]
[SourceTitle "playchess.com"]
[Source "ChessBase"]
[SourceQuality "1"]
[TimeControl "40/5400+30:1800+30"]

1. e4 c5 2. Nf3 e6 3. Nc3 a6 4. d4 cxd4 5. Nxd4 Qc7 6. Bd3 Nf6 7. O-O d6 8. Qe2 b5 9. a4 bxa4 10. f4 Bb7 11. Rxa4 Nc6 12. Nxc6 Qxc6 13. Rc4 Qd7 14. f5 Be7 15. fxe6 fxe6 16. e5 dxe5 17. Qxe5 Bd6 18. Qe2 O-O 19. Rh4 Bc5+ 20. Kh1 Bd4 21. Bc4 Kh8 22. Bxe6 Qc6 23. Rxd4 Rae8 24. Rc4 Qb6 25. Re1 Nh5 26. Qxh5 Qf2 27. Rg1 Qxg2+ 28. Rxg2 Rf1# 0-1

[Event "SVK-ch Open 2018"]
[Site "Banska Stiavnica"]
[Date "2018.07.13"]
[Round "7"]
[White "Ruckschloss, Karol"]
[Black "Macko, Michal"]
[Result "1/2-1/2"]
[ECO "A21"]
[WhiteElo "2245"]
[BlackElo "2158"]
[Annotator "NA"]
[PlyCount "91"]
[EventDate "2018.07.07"]
[EventType "swiss"]
[EventCountry "SVK"]
[SourceTitle "playchess.com"]
[Source "ChessBase"]
[SourceQuality "1"]
[TimeControl "40/5400+30:1800+30"]

1. c4 e5 2. Nc3 Bb4 3. Qc2 Nf6 4. g3 O-O 5. Bg2 Re8 6. e4 Bxc3 7. dxc3 d6 8. Ne2 Be6 9. b3 Qc8 10. h3 a6 11. g4 Nfd7 12. Be3 Nc6 13. f3 b5 14. cxb5 axb5 15. Rd1 Ra6 16. Rd2 Qb7 17. Kf2 Rea8 18. Nc1 Nf8 19. Rhd1 Qb8 20. Kg3 Ng6 21. h4 Qd8 22. Rh1 b4 23. Bf1 Ra5 24. Bg5 f6 25. Be3 Qc8 26. Rhh2 d5 27. exd5 Rxd5 28. Rxd5 Bxd5 29. cxb4 Nxb4 30. Qc5 Qb7 31. Bc4 c6 32. Rd2 Nf8 33. Qd6 Bxc4 34. bxc4 Na6 35. Nb3 Qc7 36. Bc5 Kf7 37. Qxc7+ Nxc7 38. Bb6 Nce6 39. Ba5 Nd4 40. Nxd4 Rxa5 41. Nxc6 Rc5 42. Nd8+ Ke7 43. Nb7 Rxc4 44. Nd6 Ra4 45. Nf5+ Kf7 46. Nd6+ 1/2-1/2

[Event "SVK-ch Open 2018"]
[Site "Banska Stiavnica"]
[Date "2018.07.13"]
[Round "7"]
[White "Molnar, Erno"]
[Black "Talla, Vladimir"]
[Result "0-1"]
[ECO "C70"]
[WhiteElo "2231"]
[BlackElo "2402"]
[Annotator "NA"]
[PlyCount "108"]
[EventDate "2018.07.07"]
[EventType "swiss"]
[EventCountry "SVK"]
[SourceTitle "playchess.com"]
[Source "ChessBase"]
[SourceQuality "1"]
[TimeControl "40/5400+30:1800+30"]

1. e4 e5 2. Nf3 Nc6 3. Bb5 a6 4. Ba4 Nge7 5. c3 g6 6. d4 exd4 7. cxd4 Bg7 8. O-O O-O 9. Nc3 d5 10. exd5 Nxd5 11. h3 b5 12. Bb3 Nxc3 13. bxc3 Qd6 14. a4 b4 15. cxb4 Nxb4 16. a5 Bb7 17. Ba3 Rab8 18. Ne1 Rfd8 19. Rb1 Be4 20. Bc2 Bxc2 21. Nxc2 c5 22. Qc1 Nxc2 23. Bxc5 Qc6 24. Qxc2 Bxd4 25. Rbc1 Rbc8 26. Bb6 Qxc2 27. Rxc2 Rxc2 28. Bxd8 Ra2 29. Rd1 Bxf2+ 30. Kf1 Be3 31. Rd6 Rd2 32. Rxd2 Bxd2 33. Ke2 Bc1 34. Kd3 Kf8 35. Kc4 Ke8 36. Bb6 Kd7 37. Kd5 Bd2 38. Ke5 Bc3+ 39. Kd5 f6 40. Kc4 Bd2 41. Kd5 Bb4 42. g4 Be1 43. Ke4 Kc6 44. Bd8 Kb5 45. Bxf6 Bxa5 46. h4 Kc4 47. h5 Bc7 48. hxg6 hxg6 49. Be7 a5 50. Ba3 g5 51. Bc1 Bd8 52. Kf5 a4 53. Ke6 Kb3 54. Kd7 Bf6 0-1

[Event "SVK-ch Open 2018"]
[Site "Banska Stiavnica"]
[Date "2018.07.13"]
[Round "7"]
[White "Seres, Bela"]
[Black "Pniaczek, Marek"]
[Result "0-1"]
[ECO "B20"]
[WhiteElo "2212"]
[BlackElo "2082"]
[Annotator "NA"]
[PlyCount "63"]
[EventDate "2018.07.07"]
[EventType "swiss"]
[EventCountry "SVK"]
[SourceTitle "playchess.com"]
[Source "ChessBase"]
[SourceQuality "1"]
[TimeControl "40/5400+30:1800+30"]

1. e4 c5 2. d3 Nc6 3. g3 g6 4. Bg2 Bg7 5. Nh3 d6 6. O-O e6 7. f4 Nge7 8. Nc3 O-O 9. Kh1 Rb8 10. Ne2 b5 11. f5 exf5 12. exf5 Bxf5 13. Rxf5 Nxf5 14. Bxc6 d5 15. a4 a6 16. axb5 axb5 17. Bf4 Qf6 18. Bxd5 Rbd8 19. Be4 Qxb2 20. Rb1 Qa3 21. Rxb5 c4 22. Nf2 Rfe8 23. Rxf5 gxf5 24. Bxf5 Qc5 25. Nd4 Qxd4 26. Qf3 cxd3 27. cxd3 Ra8 28. Be4 Ra2 29. Be3 Qe5 30. Kg2 Rb2 31. Bf4 Qa5 32. Kh3 0-1

[Event "SVK-ch Open 2018"]
[Site "Banska Stiavnica"]
[Date "2018.07.13"]
[Round "7"]
[White "Bombek, Peter"]
[Black "Ferkova, Dominika"]
[Result "1/2-1/2"]
[ECO "D52"]
[WhiteElo "2201"]
[BlackElo "2053"]
[Annotator "NA"]
[PlyCount "141"]
[EventDate "2018.07.07"]
[EventType "swiss"]
[EventCountry "SVK"]
[SourceTitle "playchess.com"]
[Source "ChessBase"]
[SourceQuality "1"]
[TimeControl "40/5400+30:1800+30"]

1. d4 d5 2. c4 c6 3. Nf3 Nf6 4. Nc3 e6 5. Bg5 Nbd7 6. e3 Be7 7. Bd3 O-O 8. O-O h6 9. Bh4 dxc4 10. Bxc4 b5 11. Be2 Bb7 12. Rc1 a6 13. Ne5 Rc8 14. Bf3 Nxe5 15. dxe5 Nd5 16. Bxe7 Qxe7 17. Ne4 Rcd8 18. Nd6 f6 19. Bxd5 exd5 20. Nxb7 Qxb7 21. Qc2 Rc8 22. exf6 Rxf6 23. b4 Qe7 24. Qc5 Qe4 25. f3 Qf5 26. Qa7 Qd3 27. Qd4 Qxd4 28. exd4 Kf7 29. Kf2 Ke7 30. Rc3 Re6 31. Ra3 Ra8 32. Rc1 Kd7 33. Rcc3 Ra7 34. Re3 Rf6 35. Re5 Re6 36. Rxe6 Kxe6 37. f4 Rf7 38. Ke3 Ra7 39. g4 g6 40. Kf3 Kf6 41. Rc3 Rc7 42. h4 Kf7 43. g5 h5 44. f5 gxf5 45. Kf4 Re7 46. Rxc6 Re4+ 47. Kxf5 Rxh4 48. g6+ Kg7 49. Rxa6 Rxd4 50. Ra7+ Kg8 51. a3 h4 52. Ra8+ Kg7 53. Ra7+ Kg8 54. Kf6 Rf4+ 55. Kg5 Rc4 56. Ra8+ Kg7 57. Ra7+ Kg8 58. Kh6 Rc8 59. Rd7 h3 60. Rxd5 h2 61. Rh5 Rc2 62. Kg5 Rg2+ 63. Kf5 Rf2+ 64. Kg4 Kg7 65. Kg3 Ra2 66. Rxh2 Rxa3+ 67. Kf4 Rb3 68. Kf5 Rxb4 69. Rh7+ Kg8 70. Rb7 Rb1 71. Rb8+ 1/2-1/2

[Event "SVK-ch Open 2018"]
[Site "Banska Stiavnica"]
[Date "2018.07.13"]
[Round "7"]
[White "Kostolansky, Sebastian Lukas"]
[Black "Volcko, Richard"]
[Result "1-0"]
[ECO "C77"]
[WhiteElo "2197"]
[BlackElo "2068"]
[Annotator "NA"]
[PlyCount "89"]
[EventDate "2018.07.07"]
[EventType "swiss"]
[EventCountry "SVK"]
[SourceTitle "playchess.com"]
[Source "ChessBase"]
[SourceQuality "1"]
[TimeControl "40/5400+30:1800+30"]

1. e4 e5 2. Nf3 Nc6 3. Bb5 a6 4. Ba4 Nf6 $11 5. d3 Bc5 6. O-O d6 7. c3 b5 8. Bc2 Bb6 9. Nbd2 O-O 10. h3 Bb7 11. Re1 Ne7 12. Nf1 Ng6 13. Ng3 Re8 14. Be3 d5 15. Bxb6 cxb6 16. exd5 Qxd5 17. Ne4 Nxe4 18. dxe4 Qc6 19. Qc1 h6 20. Qe3 Rad8 21. Rad1 Qf6 22. g3 Bc8 23. h4 Bg4 24. Rxd8 Rxd8 25. Nh2 Bh3 26. Bd1 Rd6 27. Bh5 Be6 28. Be2 Qd8 29. h5 Nf8 30. b3 Rd2 31. a4 Bxb3 32. axb5 a5 33. Nf3 Rc2 34. Bd1 Rb2 35. Qc1 Bxd1 36. Rxd1 Qf6 37. Qxb2 Qxf3 38. Rd8 Qf6 39. Qd2 Qe7 40. Qd6 Qxd6 41. Rxd6 Ne6 42. Rxb6 a4 43. Rb8+ Kh7 44. Ra8 Nc7 45. b6 1-0

[Event "SVK-ch Open 2018"]
[Site "Banska Stiavnica"]
[Date "2018.07.13"]
[Round "7"]
[White "Jozefek, Michal"]
[Black "Franzen, Jozef"]
[Result "0-1"]
[ECO "E96"]
[WhiteElo "2182"]
[BlackElo "2256"]
[Annotator "NA"]
[PlyCount "66"]
[EventDate "2018.07.07"]
[EventType "swiss"]
[EventCountry "SVK"]
[SourceTitle "playchess.com"]
[Source "ChessBase"]
[SourceQuality "1"]
[TimeControl "40/5400+30:1800+30"]

1. d4 Nf6 2. c4 g6 3. Nc3 Bg7 4. e4 d6 5. Be2 O-O 6. Nf3 $11 {[%emt 0:00:13] LiveBook: 39255 Games} Nbd7 7. O-O e5 8. Re1 c6 9. Bf1 a5 10. Rb1 h6 11. a3 exd4 12. Nxd4 Nc5 13. b4 axb4 14. axb4 Ne6 15. Nde2 Ng4 16. h3 Ne5 17. Qb3 Qh4 18. Be3 Ng5 19. Nf4 Ngf3+ 20. gxf3 g5 21. Nce2 Nxf3+ 22. Kg2 Nxe1+ 23. Rxe1 gxf4 24. Bxf4 Be5 25. Qg3+ Qxg3+ 26. fxg3 Ra2 27. Bxh6 Re8 28. Kh1 Be6 29. Nf4 Rea8 30. Nxe6 fxe6 31. Bf4 Bxf4 32. gxf4 Rf2 33. e5 d5 0-1

[Event "SVK-ch Open 2018"]
[Site "Banska Stiavnica"]
[Date "2018.07.13"]
[Round "7"]
[White "Nogrady, Vilmos"]
[Black "Bednar, Jan"]
[Result "1-0"]
[ECO "B21"]
[WhiteElo "2154"]
[BlackElo "2010"]
[Annotator "NA"]
[PlyCount "31"]
[EventDate "2018.07.07"]
[EventType "swiss"]
[EventCountry "SVK"]
[SourceTitle "playchess.com"]
[Source "ChessBase"]
[SourceQuality "1"]
[TimeControl "40/5400+30:1800+30"]

1. e4 c5 2. d4 cxd4 3. c3 dxc3 4. Nxc3 Nc6 5. Nf3 d6 6. Bc4 e6 7. O-O Be7 8. Qe2 a6 9. Rd1 Qc7 10. Bf4 Nf6 11. Rac1 O-O 12. Bb3 Bd7 13. e5 Ne8 14. exd6 Bxd6 15. Bxd6 Nxd6 16. Qd3 1-0

[Event "SVK-ch Open 2018"]
[Site "Banska Stiavnica"]
[Date "2018.07.13"]
[Round "7"]
[White "Cech, Dominik"]
[Black "Panko, Radoslav"]
[Result "1-0"]
[ECO "C00"]
[WhiteElo "2151"]
[BlackElo "2049"]
[Annotator "NA"]
[PlyCount "80"]
[EventDate "2018.07.07"]
[EventType "swiss"]
[EventCountry "SVK"]
[SourceTitle "playchess.com"]
[Source "ChessBase"]
[SourceQuality "1"]
[TimeControl "40/5400+30:1800+30"]

1. e4 e6 2. d3 d5 3. Nd2 c5 4. Ngf3 Nc6 5. g3 g6 6. Bg2 Bg7 7. O-O Nge7 8. Re1 b6 9. h4 h6 10. a3 a5 11. Nf1 Ra7 12. e5 Qc7 13. Qe2 Nd4 14. Nxd4 cxd4 15. Nh2 a4 16. Ng4 h5 17. Nf6+ Kf8 18. Bf4 Qc5 19. Rac1 Ba6 20. Bf3 Bh6 21. Bxh6+ Rxh6 22. Qd2 Rh8 23. Kg2 Ng8 24. g4 Nxf6 25. exf6 hxg4 26. Bxg4 Qd6 27. Qg5 Ke8 28. h5 gxh5 29. Bxh5 Qf8 30. Rxe6+ Kd8 31. Qxd5+ Rd7 32. Qa8+ Bc8 33. Rc6 Rc7 34. Bf3 Rxc6 35. Qxc6 Qc5 36. Qd5+ Bd7 37. Re1 Qc7 38. Re7 Qh2+ 39. Kf1 Qh3+ 40. Bg2 Qh6 1-0

[Event "SVK-ch Open 2018"]
[Site "Banska Stiavnica"]
[Date "2018.07.13"]
[Round "7"]
[White "Demeter, Peter"]
[Black "Kantorik, Marian"]
[Result "1/2-1/2"]
[ECO "A13"]
[WhiteElo "2146"]
[BlackElo "2260"]
[Annotator "NA"]
[PlyCount "56"]
[EventDate "2018.07.07"]
[EventType "swiss"]
[EventCountry "SVK"]
[SourceTitle "playchess.com"]
[Source "ChessBase"]
[SourceQuality "1"]
[TimeControl "40/5400+30:1800+30"]

1. c4 e6 2. g3 d5 3. Bg2 c5 4. Nf3 Nc6 5. O-O Nf6 6. d3 Be7 7. e3 O-O 8. Nc3 b6 9. cxd5 exd5 10. e4 d4 11. Ne2 Re8 12. Re1 Bb7 13. Bd2 b5 14. a4 a6 15. axb5 axb5 16. Qb3 b4 17. Rxa8 Qxa8 18. Qc2 Bf8 19. Nc1 Qa6 20. Nb3 Qb5 21. Bf4 Ba6 22. Bf1 Nd7 23. Rc1 Qb6 24. Nbd2 Na5 25. b3 Bb5 26. Ra1 Bc6 27. Nc4 Nxc4 28. Qxc4 Bb5 1/2-1/2

[Event "SVK-ch Open 2018"]
[Site "Banska Stiavnica"]
[Date "2018.07.13"]
[Round "7"]
[White "Hrbek, Stepan"]
[Black "Sosovicka, Jakub"]
[Result "1/2-1/2"]
[ECO "B90"]
[WhiteElo "2129"]
[BlackElo "2078"]
[Annotator "NA"]
[PlyCount "100"]
[EventDate "2018.07.07"]
[EventType "swiss"]
[EventCountry "SVK"]
[SourceTitle "playchess.com"]
[Source "ChessBase"]
[SourceQuality "1"]
[TimeControl "40/5400+30:1800+30"]

1. e4 c5 2. Nf3 d6 3. d4 cxd4 4. Nxd4 Nf6 5. Nc3 a6 6. Be3 e5 7. Nb3 Be6 8. f3 Be7 9. Qd2 O-O 10. O-O-O Nbd7 11. g4 b5 12. g5 b4 13. gxf6 bxc3 14. Qxc3 Nxf6 15. Na5 Qd7 16. Nc6 Rfc8 17. Nxe7+ Qxe7 18. Qa5 Rc6 19. Rg1 Qb7 20. Rg2 Rb8 21. Qa3 d5 22. Bh6 g6 23. Bg5 Bh3 24. exd5 Rb6 25. b3 Nxd5 26. Rgd2 Be6 27. Bc4 Nb4 28. Rd8+ Rxd8 29. Rxd8+ Kg7 30. Bxe6 Rxe6 31. c3 Qb6 32. Qxb4 Qg1+ 33. Kb2 Qxg5 34. Qf8+ Kf6 35. Rd7 Qg2+ 36. Ka3 Kg5 37. Rxf7 h6 38. h4+ Kh5 39. Rh7 Qd2 40. Qg7 Qc1+ 41. Ka4 Qd2 42. a3 e4 43. fxe4 Rxe4+ 44. c4 Qf4 45. Qb2 Re8 46. Rd7 Kxh4 47. Rd4 Re4 48. Rxe4 Qxe4 49. Qh2+ Kg5 50. Qg3+ Kh5 1/2-1/2

[Event "SVK-ch Open 2018"]
[Site "Banska Stiavnica"]
[Date "2018.07.13"]
[Round "7"]
[White "Balogh, Peter"]
[Black "Sarkozy, Ladislav"]
[Result "1/2-1/2"]
[ECO "B67"]
[WhiteElo "2097"]
[BlackElo "2247"]
[Annotator "NA"]
[PlyCount "30"]
[EventDate "2018.07.07"]
[EventType "swiss"]
[EventCountry "SVK"]
[SourceTitle "playchess.com"]
[Source "ChessBase"]
[SourceQuality "1"]
[TimeControl "40/5400+30:1800+30"]

1. e4 c5 2. Nf3 d6 3. d4 cxd4 4. Nxd4 Nf6 5. Nc3 Nc6 6. Bg5 e6 7. Qd2 a6 8. O-O-O Bd7 9. f4 b5 10. g4 b4 11. Nb1 Qb6 12. Bxf6 gxf6 13. Bg2 Rb8 14. Nxc6 Bxc6 15. g5 Rd8 1/2-1/2

[Event "SVK-ch Open 2018"]
[Site "Banska Stiavnica"]
[Date "2018.07.13"]
[Round "7"]
[White "Bochnicka, Vladimir"]
[Black "Lintner, Igor"]
[Result "0-1"]
[ECO "C03"]
[WhiteElo "2092"]
[BlackElo "2173"]
[Annotator "NA"]
[PlyCount "62"]
[EventDate "2018.07.07"]
[EventType "swiss"]
[EventCountry "SVK"]
[SourceTitle "playchess.com"]
[Source "ChessBase"]
[SourceQuality "1"]
[TimeControl "40/5400+30:1800+30"]

1. e4 e6 2. d4 d5 3. Nd2 Be7 4. Ngf3 c5 5. exd5 Qxd5 6. Bc4 Qd8 7. O-O Nf6 8. dxc5 Qc7 9. Nb3 O-O 10. Qe2 Nbd7 11. Be3 Nxc5 12. Nxc5 Bxc5 13. Bxc5 Qxc5 14. Rad1 b6 15. Rd4 Bb7 16. Rfd1 Bxf3 17. gxf3 e5 18. R4d2 Rac8 19. Bb3 Nh5 20. Qe3 Qe7 21. Rd5 Nf4 22. Rxe5 Qf6 23. Kh1 Nh3 24. Re1 Rcd8 25. Bc4 Rd2 26. Bf1 Nxf2+ 27. Kg1 Rxc2 28. Re2 Rxe2 29. Qxe2 Nd3 30. Re7 Qg5+ 31. Bg2 Nf4 0-1

[Event "SVK-ch Open 2018"]
[Site "Banska Stiavnica"]
[Date "2018.07.13"]
[Round "7"]
[White "Lukac, Roman"]
[Black "Ihnat, Marek"]
[Result "1/2-1/2"]
[ECO "B35"]
[WhiteElo "2089"]
[BlackElo "1432"]
[Annotator "NA"]
[PlyCount "77"]
[EventDate "2018.07.07"]
[EventType "swiss"]
[EventCountry "SVK"]
[SourceTitle "playchess.com"]
[Source "ChessBase"]
[SourceQuality "1"]
[TimeControl "40/5400+30:1800+30"]

1. e4 c5 2. Nf3 Nc6 3. d4 cxd4 4. Nxd4 g6 5. Nc3 Bg7 6. Be3 Nf6 7. Bc4 O-O 8. Bb3 a5 9. f3 d5 10. Bxd5 Nxd5 11. Nxd5 Rb8 12. c3 e6 13. Nf4 Nxd4 14. cxd4 Qb6 15. Qd2 Rd8 16. Rd1 Qb5 17. Ne2 b6 18. O-O Ba6 19. Rfe1 Rd7 20. Nc3 Qb4 21. Qf2 Rbd8 22. e5 f6 23. f4 Bb7 24. Rd2 fxe5 25. fxe5 Rf7 26. Qg3 Rdf8 27. h4 Kh8 28. Ree2 Ba6 29. Rf2 Rxf2 30. Rxf2 Rxf2 31. Qxf2 Qf8 32. Qxf8+ Bxf8 33. d5 exd5 34. Nxd5 Bc4 35. Nc7 Bxa2 36. Bxb6 Bb4 37. Kf2 Kg8 38. Kf3 Kf8 39. g4 1/2-1/2

[Event "SVK-ch Open 2018"]
[Site "Banska Stiavnica"]
[Date "2018.07.13"]
[Round "7"]
[White "Brhel, Jan"]
[Black "Jamrich, Gyorgy"]
[Result "1/2-1/2"]
[ECO "A50"]
[WhiteElo "2070"]
[BlackElo "2200"]
[Annotator "NA"]
[PlyCount "120"]
[EventDate "2018.07.07"]
[EventType "swiss"]
[EventCountry "SVK"]
[SourceTitle "playchess.com"]
[Source "ChessBase"]
[SourceQuality "1"]
[TimeControl "40/5400+30:1800+30"]

1. d4 Nf6 2. c4 b6 3. Nc3 Bb7 4. f3 e6 5. e3 d5 6. cxd5 Nxd5 7. e4 Nf6 8. Be3 Nbd7 9. Bb5 c6 10. Bd3 e5 11. Nge2 g6 12. O-O Bg7 13. Qb3 O-O 14. Rfd1 Qe7 15. a4 Rfe8 16. a5 exd4 17. Bxd4 Nc5 18. Qa3 Nxd3 19. Qxe7 Rxe7 20. Rxd3 Rd7 21. Rad1 Ba6 22. R3d2 bxa5 23. Bxf6 Rxd2 24. Rxd2 Bxf6 25. Rd6 Kg7 26. Rxc6 Bxe2 27. Nxe2 Bxb2 28. Ra6 Be5 29. Rxa5 Bc7 30. Ra6 Bb6+ 31. Kf1 Rc8 32. Ra2 g5 33. Ng3 Kf6 34. Nf5 h5 35. Rd2 Rd8 36. Rxd8 Bxd8 37. h3 Ke5 38. Nh6 Ke6 39. Nf5 Kd7 40. Ke2 Kc6 41. Kd3 Kc5 42. Kc3 h4 43. g3 Bf6+ 44. Kb3 hxg3 45. Nxg3 Kd4 46. Nf5+ Ke5 47. Nh6 Ke6 48. Nf5 Bd8 49. Kc4 Bb6 50. h4 gxh4 51. Nxh4 Ke5 52. Nf5 a6 53. Ne7 Kf4 54. Nd5+ Kxf3 55. Nxb6 Kxe4 56. Nc8 Ke5 57. Ne7 Ke6 58. Nc6 f6 59. Kc5 f5 60. Nd4+ Ke5 1/2-1/2